 Dungeon Crawl Stone Soup version 0.31-a0-1074-g0b22e4e0f1 (webtiles) character file.

Game seed: 15902349106197488797

156 Curundu the Chopper (level 5, 0/46 HPs)
             Began as a Draconian Berserker on Dec 2, 2023.
             Was a Believer of Trog.
             Slain by an iguana (6 damage)
             ... on level 4 of the Dungeon on Dec 4, 2023.
             The game lasted 00:19:23 (3523 turns).

Curundu the Chopper (Draconian Berserker)           Turns: 3523, Time: 00:19:23

Health: 0/46       AC:  5    Str: 19    XL:     5   Next: 14%
Magic:  5/5        EV: 13    Int:  7    God:    Trog [**....]
Gold:   108        SH:  0    Dex: 13    Spells: 4/4 levels left

rFire   . . .        a - +0 hand axe
rCold   . . .        (no shield)
rNeg    . . .        (body armour unavailable)
rPois   .            (helmet restricted)
rElec   .            (no cloak)
rCorr   .            (no gloves)
SInv    .            (no boots)
Will    +....        (no amulet)
Stlth   +            k - ring of willpower
HPRegen 0.27/turn    (no ring)
MPRegen 0.09/turn

%: no passive effects
@: no status effects
A: AC +5, unfitting armour, cold-blooded
a: Renounce Religion, Berserk, Trog's Hand


You were on level 4 of the Dungeon.
You worshipped Trog.
Trog was pleased with you.
You visited 1 branch of the dungeon, and saw 4 of its levels.

You collected 108 gold pieces.

Inventory:

Hand Weapons
 a - a +0 hand axe (weapon)
 g - a +0 sling
Missiles
 d - 38 stones
Armour
 n - a +0 pair of boots
Jewellery
 k - a ring of willpower (left hand)
Scrolls
 b - a scroll of poison {unknown}
 f - 2 scrolls of identify {unknown}
 h - a scroll of enchant armour {unknown}
 j - a scroll of teleportation {unknown}
 l - a scroll of torment {unknown}
Potions
 c - 4 potions of curing {unknown}
 e - a potion of cancellation {unknown}
 i - a potion of invisibility {unknown}
 m - a potion of degeneration {unknown}


   Skills:
 + Level 4.2 Fighting
 + Level 4.6 Axes
 + Level 3.4 Dodging
 + Level 0.5 Stealth


You had 4 spell levels left.
You didn't know any spells.
Your spell library contained the following spells:

 Spells                   Type           Power      Damage    Failure   Level
 Foxfire                  Conj/Fire      0%         2x1d4     43%         1
 Slow                     Hex            0%         N/A       43%         1
 Confusing Touch          Hex            0%         N/A       80%         3
 Sigil of Binding         Hex            0%         N/A       80%         3
 Vampiric Draining        Necr           0%         2d6       80%         3
 Plasma Beam              Fire/Air       0%         2x1d10    100%        6
 Starburst                Conj/Fire      0%         6d3       100%        6


Dungeon Overview and Level Annotations

Branches:
Dungeon (4/15)
 Temple: D:4-7

Altars:

Shops:
D:3 =[[


Innate Abilities, Weirdness & Mutations

Your plain brown scales are hard. (AC +5)
You cannot fit into any form of body armour.
You are cold-blooded and may be slowed by cold attacks.


Message History

The sleepcap is heavily damaged.
You hit the iguana but do no damage. The sleepcap barely misses you.
The iguana bites you.
You hit the sleepcap but do no damage.
The sleepcap is heavily damaged.
You barely miss the iguana. The sleepcap releases spores at you.
You are engulfed in a cloud of soporific spores!
You are unaffected.
The iguana bites you but does no damage.
You hit the sleepcap.
The sleepcap is severely damaged.
You hit the iguana but do no damage. The iguana misses you.
The sleepcap releases spores at you but does no damage.
The sleepcap misses you. The iguana closely misses you.
You hit the sleepcap.
The sleepcap is severely damaged.
You hit the iguana. The sleepcap releases spores at you. The iguana bites you!
* * * LOW HITPOINT WARNING * * *
Unknown command.
You hit the sleepcap. You tail-slap the sleepcap.
The sleepcap is severely damaged.
You barely miss the iguana. The sleepcap closely misses you.
The iguana bites you but does no damage.
You hit the sleepcap but do no damage.
You tail-slap the sleepcap, but do no damage.
The sleepcap is severely damaged.
You hit the iguana but do no damage.
The sleepcap releases spores at you but does no damage.
The iguana bites you.
* * * LOW HITPOINT WARNING * * *
You hit the sleepcap but do no damage.
The sleepcap is severely damaged.
You hit the iguana.
The sleepcap releases spores at you but does no damage.
The iguana bites you but does no damage.
You hit the sleepcap.
The sleepcap is almost destroyed.
You hit the iguana but do no damage. The sleepcap barely misses you.
The iguana bites you.
You die...

............#
.##.........#.##
............#...
............#..
............#..
............#.####
............#....####
............#.......###
#...............@l..?.#
#######...#.#...†f.....#
#......##.#.#.###.####..#
.......##.#.#.# #... #
#......##.#.#.# #....#
#......##.#.#.# #....#
#......##.#.#.. #?.....
#......##.#.#.. ######.
#......##.#.#


You could see a sleepcap and an iguana.

Vanquished Creatures
  4 gnolls (D:3)
  5 adders
  A dart slug (D:4)
  2 orcs (D:3)
  3 bats
  An endoplasm (D:3)
  A giant cockroach (D:1)
  7 goblins
  7 hobgoblins
  3 jackals (D:1)
  2 quokkas
  9 ball pythons
  4 frilled lizards
  9 kobolds
  6 rats
  A spectral goblin (D:1)
65 creatures vanquished.

Notes
Turn   | Place    | Note
-------+----------+-------------------------------------------
     0 | D:1      | Curundu the Draconian Berserker began the quest for the
                  | Orb.
     0 | D:1      | Reached XP level 1. HP: 19/19 MP: 1/1
    72 | D:1      | Found a faded altar of an unknown god.
   571 | D:1      | Reached XP level 2. HP: 24/26 MP: 2/2
  1076 | D:2      | Reached XP level 3. HP: 28/33 MP: 3/3
  1236 | D:2      | Reached ** piety under Trog
  2066 | D:3      | Reached XP level 4. HP: 29/40 MP: 4/4
  2180 | D:3      | Found Koocibezol's Jewellery Emporium.
  2221 | D:3      | Found Foseyst's Antique Armour Boutique.
  2673 | D:3      | Found Difrailu's Antique Armour Shop.
  3033 | D:4      | Reached XP level 5. HP: 45/46 MP: 5/5
  3523 | D:4      | Slain by an iguana

Illustrated notes

Levels and vault maps discovered:
D:1:      dpeg_arrival_simpleton_a, layout_loops_cross,
          dreamdust_ecumenical_altar_drowned_temple, minmay_misc_feat_ornament,
          chequers_big_river
D:2:      layout_loops_ring, serial_bayou_lagoon_a
D:3:      layout_loops_corners, serial_shops, nicolae_shop_just_a_little_nook,
          shop, nicolae_shop_tiny_statue_garden, hangedman_decor_peaks_small,
          nrook_mini_backslash
D:4:      minmay_recursive_quarters, layout_basic

Skill      XL: |  1  2  3  4 |
---------------+-------------+-----
Dodging        | 3 |  3.4
Axes           | 4 |  4.6
Fighting       | 4 |  4.2
Stealth        | |  0.5

Action                     |  1- 3 |  4- 6 || total
---------------------------+-------+-------++-------
  Melee: Hand axe          |   166 |    76 ||   242
         Tailslap          |    19 |    13 ||    32
         Punch             |     3 |       ||     3
    Use: Scroll            |     3 |       ||     3
 Armour: Skin              |    80 |    60 ||   140
  Dodge: Dodged            |    88 |    68 ||   156

Table legend: (Time is in decaauts)
 A = Elapsed time spent in this place.
 B = Non-inter-level travel time spent in this place.
 C = Inter-level travel time spent in this place.
 D = Time resting spent in this place.
 E = Time spent auto-exploring this place.
 F = Levels seen in this place.
 G = Mean time per level.
                   A        B        C        D        E       F      G
               +--------+--------+--------+--------+--------+-----+--------+
         Total |   3601 |   3601 |      0 |    177 |      0 |   4 |  900.2 |
       Dungeon |   3601 |   3601 |      0 |    177 |      0 |   4 |  900.2 |
               +--------+--------+--------+--------+--------+-----+--------+

Top non-repeatable levels by time:
     D:3: 1151 daAuts
     D:1: 990 daAuts
     D:2: 873 daAuts
     D:4: 586 daAuts
